 Dungeon Crawl Stone Soup version 0.26.1-12-g5ba1501909 (webtiles) character file.

Game seed: 17563613811214749160

74 alasdair19 the Bolt Thrower (level 4, -2/42 HPs)
             Began as a Troll Hunter on Nov 30, 2021.
             Slain by a worm (7 damage)
             ... on level 3 of the Dungeon on Dec 2, 2021.
             The game lasted 00:18:31 (1886 turns).

alasdair19 the Bolt Thrower (Troll Hunter)          Turns: 1886, Time: 00:18:32

Health: -2/42      AC:  6    Str: 21    XL:     4   Next: 10%
Magic:  3/3        EV: 10    Int:  7    God:
Gold:   130        SH:  0    Dex: 10    Spells: 3/3 levels left

rFire    . . .     SeeInvis .   b - +0 short sword
rCold    . . .     Faith    .   (no shield)
rNeg     . . .     Spirit   .   c - +0 robe
rPois    .         Reflect  .   (helmet restricted)
rElec    .         Harm     .   (no cloak)
rCorr    .         Rampage  .   (gloves unavailable)
Will     .....                  (boots unavailable)
Stlth    +.........             (no amulet)
HPRegen  0.54/turn              (no ring)
MPRegen  0.08/turn              (no ring)

@: no status effects
A: large, unfitting armour, claws 3, regeneration 1, shaggy fur 1, tough skin 3
a: no special abilities


You were on level 3 of the Dungeon.
You visited 1 branch of the dungeon, and saw 3 of its levels.

You collected 130 gold pieces.

Inventory:

Hand Weapons
 a - a +1 hand crossbow
 b - a +0 short sword (weapon)
Missiles
 d - 12 bolts
 e - 103 stones (quivered)
 g - 29 sling bullets
 p - 40 arrows
 t - 2 boomerangs
Armour
 c - a +0 robe (worn)
 f - a +0 ring mail
Jewellery
 k - an uncursed ring of wizardry {unknown}
Scrolls
 h - 2 scrolls of immolation {unknown}
 l - a scroll of teleportation {unknown}
 m - 2 scrolls of remove curse {unknown}
 q - a scroll of amnesia {unknown}
 r - 3 scrolls of identify {unknown}
Potions
 i - 2 potions of heal wounds {unknown}
 j - a potion of brilliance {unknown}
 n - a potion of degeneration {unknown}
 o - a potion of curing
 s - 2 potions of haste {unknown}


   Skills:
 + Level 1.8 Fighting
 + Level 0.5 Short Blades
 + Level 3.3 Crossbows
 + Level 2.2 Dodging
 + Level 0.3 Stealth


You had 3 spell levels left.
You didn't know any spells.
Your spell library was empty.

Dungeon Overview and Level Annotations

Branches:
Dungeon (3/15)

Altars:
Hepliaklqana


Innate Abilities, Weirdness & Mutations

You are too large for most types of armour.
You have claws for hands.
Your natural rate of healing is unusually fast.
You are covered in fur. (AC +1)
You have extremely tough skin. (AC +3)


Message History

The worm bites you.
* * * LOW HITPOINT WARNING * * *
You barely miss the worm.
The worm is lightly wounded.
The worm bites you.
* * * LOW HITPOINT WARNING * * *
You hit the worm.
The worm is lightly wounded.
You hit the worm but do no damage.
The worm is lightly wounded.
The worm barely misses you.
You hit the worm.
The worm is moderately wounded.
The worm misses you.
You barely miss the worm.
The worm is moderately wounded.
You puncture the worm!
The worm is severely wounded.
The worm bites you!
You die...

................ .##
#.####.......... ..
................ ..
#.# ##.......[.. #.
#.# ##......... #.
#.####.....##...
#.####.##....########
#((#......##.#
#..@#.###...#
#.w##.##..###
#..<.#.##.##
#....#.##. #....#...
#....#.. #....#..
######...


You could see a worm.

Vanquished Creatures
  3 adders
  An ooze (D:1)
  A worm (D:2)
  2 dart slugs
  A leopard gecko (D:2)
  2 bats (D:1)
  5 goblins
  A hobgoblin (D:2)
  4 jackals (D:2)
  4 kobolds
  A quokka (D:2)
  6 frilled lizards
  7 rats
38 creatures vanquished.

Notes
Turn   | Place    | Note
-------+----------+-------------------------------------------
     0 | D:1      | alasdair19 the Troll Hunter began the quest for the Orb.
     0 | D:1      | Reached XP level 1. HP: 19/19 MP: 0/0
   304 | D:1      | Reached XP level 2. HP: 28/28 MP: 1/1
   442 | D:1      | Reached skill level 3 in Crossbows
  1152 | D:2      | Reached XP level 3. HP: 35/35 MP: 2/2
  1437 | D:2      | Found a hazy altar of Hepliaklqana.
  1829 | D:3      | Reached XP level 4. HP: 41/42 MP: 3/3
  1881 | D:3      | HP: 2/42 [worm (6)]
  1886 | D:3      | Slain by a worm

Illustrated notes

Levels and vault maps discovered:
D:1:      minmay_arrival_checkered_box, layout_basic, palyth_stone_intersect
D:2:      layout_rooms, lemuel_crystal_altar
D:3:      layout_rooms, lemuel_coloured_pillars_altar,
          amcnicky_altar_lugonu_corruption, uniq_natasha, uniq_sigmund

Skill      XL: |  1  2  3 |
---------------+----------+-----
Crossbows      | 3 |  3.3
Dodging        | 2 |  2.2
Fighting       | |  1.8
Short Blades   | |  0.5
Stealth        | |  0.3

Action                   |  1- 3 |  4- 6 || total
-------------------------+-------+-------++-------
Melee: Short sword       |    71 |    11 ||    82
 Fire: Hand crossbow     |    34 |     4 ||    38
Throw: Stone             |    20 |       ||    20
Armor: Robe              |    83 |     4 ||    87
Dodge: Dodged            |    97 |     4 ||   101
